 Dungeon Crawl Stone Soup version 0.20-a0-959-gdc9e609 (webtiles) character file.

62 JeffiDaFish the Firebug (level 3, 0/26 HPs)
             Began as a Draconian Fire Elementalist on Apr 6, 2017.
             Slain by a gnoll
             ... wielding a +0 halberd
              (10 damage)
             ... on level 2 of the Dungeon.
             The game lasted 00:04:47 (1410 turns).

JeffiDaFish the Firebug (DrFE)                      Turns: 1410, Time: 00:04:48

Health: 0/26       AC:  5    Str: 10    XL:     3   Next: 85%
Magic:  1/7        EV: 12    Int: 15    God:
Gold:   118        SH:  0    Dex: 12    Spells: 4/7 levels left

rFire    . . .     SeeInvis .   g - +0 dagger
rCold    + . .     Gourm    .   (no shield)
rNeg     . . .     Faith    .   (armour unavailable)
rPois    .         Spirit   .   (helmet restricted)
rElec    .         Reflect  .   (no cloak)
rCorr    .         Harm     .   (no gloves)
MR       .....                  (no boots)
Stlth    ++........             (no amulet)
Regen    0.1/turn               e - ring of protection from cold
MPRegen  0.1/turn               (no ring)

@: very slightly contaminated
A: unfitting armour, claws 1, deterioration 1, mutation resistance 1,
cold-blooded, MP-powered wands, AC +5
a: no special abilities


You were on level 2 of the Dungeon.
You were not hungry.

You visited 1 branch of the dungeon, and saw 2 of its levels.

You collected 118 gold pieces.

Inventory:

Hand Weapons
 g - a +0 dagger (weapon)
Jewellery
 e - a ring of protection from cold (left claw)
Scrolls
 f - a scroll of identify
 j - a scroll of teleportation
Potions
 i - a potion of invisibility
Books
 a - a book of Flames

   Spells                             Type                      Level
   a - Flame Tongue                   Conjuration/Fire             1
   b - Throw Flame                    Conjuration/Fire             2
   c - Conjure Flame                  Conjuration/Fire             3
   d - Inner Flame                    Hexes/Fire                   3
   e - Sticky Flame                   Conjuration/Fire             4
   f - Fireball                       Conjuration/Fire             5
Comestibles
 b - 2 bread rations
 c - 3 royal jellies
 d - a meat ration
 h - a chunk of flesh


   Skills:
 + Level 0.2 Fighting
 + Level 0.2 Short Blades
 + Level 2.0 Dodging
 + Level 2.0 Stealth
 + Level 0.6 Unarmed Combat
 + Level 2.8 Spellcasting
 + Level 1.1 Conjurations
 + Level 3.7 Fire Magic


You had 4 spell levels left.
You knew the following spells:

 Your Spells              Type           Power        Failure   Level  Hunger
a - Flame Tongue          Conj/Fire      #....        10%         1    #......
b - Throw Flame           Conj/Fire      #.....       12%         2    ##.....


Dungeon Overview and Level Annotations

Branches:
Dungeon (2/15)

Altars:
Dithmenos


Innate Abilities, Weirdness & Mutations

Your plain brown scales are hard. (AC +5)
You cannot fit into any form of body armour.
You are cold-blooded and may be slowed by cold attacks.
You have sharp fingernails.
Your body sometimes deteriorates upon taking damage.
You are somewhat resistant to further mutation.
You expend magic power (3 MP) to strengthen your wands.


Message History

The gnoll hits you from afar with a halberd!
Casting: Flame Tongue
Confirm with . or Enter, or press ? or * to list all spells.
Aiming: Flame Tongue
Press: ? - help, Shift-Dir - straight line, f/p - gnoll
Aim: a gnoll, wielding a halberd The flame tongue hits the gnoll.
The gnoll is heavily wounded.
The gnoll closely misses you. The gnoll closely misses you.
You see here a club.
You barely miss the gnoll.
The gnoll is heavily wounded.
The gnoll barely misses you.
You hit the gnoll.
The gnoll is heavily wounded.
You hit the gnoll but do no damage.
The gnoll is heavily wounded.
The gnoll hits you with a halberd!
You die...

## ###########.#.......#
.###.............#.....#
.....########..###.....# .
(.#### ##.## ####### .. ..#
#..# ... .###########.## ....
........).#..# ..g..
##.######....###########......
##..# ###....)@g............
##.######..############.?....
#....^...## ..... ##########


gg.. ... .. b You could see a gnoll.

Vanquished Creatures
  2 gnolls (D:2)
  An adder (D:2)
  A dart slug (D:2)
  2 leopard geckos (D:1)
  2 ball pythons
  5 bats
  A giant cockroach (D:2)
  5 hobgoblins
  5 kobolds
  2 quokkas (D:2)
  2 frilled lizards (D:1)
  3 rats
31 creatures vanquished.

Notes
Turn   | Place    | Note
-------+----------+-------------------------------------------
     0 | D:1      | JeffiDaFish the Draconian Fire Elementalist began the quest for the Orb.
     0 | D:1      | Reached XP level 1. HP: 14/14 MP: 3/3
   366 | D:1      | Reached XP level 2. HP: 20/20 MP: 3/5
   548 | D:1      | Learned a level 2 spell: Throw Flame
   818 | D:2      | Gained mutation: You expend magic power (3 MP) to strengthen your wands. [potion of mutation]
   818 | D:2      | Gained mutation: You have sharp fingernails. [potion of mutation]
   818 | D:2      | Gained mutation: Your body sometimes deteriorates upon taking damage. [potion of mutation]
   818 | D:2      | Gained mutation: You are somewhat resistant to further mutation. [potion of mutation]
   858 | D:2      | Found a shadowy altar of Dithmenos.
   961 | D:2      | Reached XP level 3. HP: 18/26 MP: 2/6
  1410 | D:2      | Slain by a gnoll

Vault maps used:
D:1:      dpeg_arrival_court
D:2:      nicolae_dithmenos_shadow_blocks

Skill      XL: |  1  2  3 |
---------------+----------+-----
Dodging        | 2 |  2.0
Stealth        | 2 |  2.0
Fighting       | |  0.2
Short Blades   | |  0.2
Unarmed Combat | |  0.6
Spellcasting   | |  2.8
Conjurations   | |  1.1
Fire Magic     | |  3.7

Action                   || total
-------------------------++-------
Melee: Unarmed           ||    10
       Dagger            ||    43
       Tailslap          ||     1
 Cast: Flame Tongue      ||    41
       Throw Flame       ||     7
  Use: Potion            ||     6
       Scroll            ||     5
  Eat: Chunk             ||     3
Armor: Skin              ||    17
Dodge: Dodged            ||    60
